SL
LAS VEGAS FLAMINGOS @ FT. WORTH CATTLEMEN
07/09/2041
 
TOP OF THE 1ST
Las Vegas Flamingos batting - Pitching for Ft. Worth Cattlemen : RHP Kabeya Kasongo
Pitching: RHP Kabeya Kasongo
Batting: LHB Dirk Horwedel 0-0: Ball
1-0: Ball
2-0: Called Strike
2-1: Foul Ball, location: 2F
2-2: Fly out, F9 (Flyball, 9S, EV 80.6 MPH)
Batting: LHB Cisco Hernández 0-0: Called Strike
0-1: Ball
1-1: Called Strike
1-2: Ball
2-2: Ball
3-2: Strikes out swinging
Batting: LHB Chan-ho Shinn 0-0: Swinging Strike
0-1: Ball
1-1: Ball
2-1: Called Strike
2-2: Foul Ball, location: 2F
2-2: Foul Ball, location: 2F
2-2: Strikes out looking
Top of the 1st over - 0 runs, 0 hits, 0 errors, 0 left on base; Las Vegas 0 - Ft. Worth 0
BOTTOM OF THE 1ST
Ft. Worth Cattlemen batting - Pitching for Las Vegas Flamingos : LHP Isaaka Ienimea
Pitching: LHP Isaaka Ienimea
Batting: RHB Dennis Wacher 0-0: Called Strike
0-1: Ground out 5-3 (Groundball, 56S, EV 80.6 MPH)
Batting: LHB Semo Hoaloha 0-0: Foul Ball, location: 2F
0-1: Swinging Strike
0-2: Ball
1-2: Foul Ball, location: 2F
1-2: Ball
2-2: Foul Ball, location: 2F
2-2: Strikes out swinging
Batting: RHB Derek Bangert 0-0: Ground out 5-3 (Groundball, 5, EV 83.8 MPH)
Bottom of the 1st over - 0 runs, 0 hits, 0 errors, 0 left on base; Las Vegas 0 - Ft. Worth 0
TOP OF THE 2ND
Las Vegas Flamingos batting - Pitching for Ft. Worth Cattlemen : RHP Kabeya Kasongo
Batting: LHB Lewis N. Clark 0-0: Ball
1-0: Ground out U3 (Groundball, 3L, EV 101.2 MPH)
Batting: LHB Joo-Chan Park 0-0: Ball
1-0: Ball
2-0: Ball
3-0: Base on Balls
Batting: RHB Samual Kingman 0-0: Ball
1-0: Ball
2-0: Foul Ball, location: 2F
2-1: Called Strike
2-2: Strikes out swinging
Batting: LHB Adrián Gómez 0-0: Foul Ball, location: 2F
0-1: Ball
1-1: Swinging Strike
1-2: Foul Ball, location: 2F
1-2: SINGLE (Groundball, 6MD, EV 93.8 MPH)
Joo-Chan Park to second
Runner from 2nd tries for 3rd, OUT after rundown.
Top of the 2nd over - 0 runs, 1 hit, 0 errors, 1 left on base; Las Vegas 0 - Ft. Worth 0
BOTTOM OF THE 2ND
Ft. Worth Cattlemen batting - Pitching for Las Vegas Flamingos : LHP Isaaka Ienimea
Batting: SHB Kolby Hay 0-0: Ball
1-0: Called Strike
1-1: Ball
2-1: SOLO HOME RUN (Flyball, 7LD, EV 103.1 MPH), Distance : 357 ft
Batting: RHB Min-gook Ch'oe 0-0: Called Strike
0-1: Ball
1-1: Ground out 3-1 (Groundball, 34, EV 88.1 MPH)
Batting: LHB Craig Woods 0-0: Called Strike
0-1: Foul Ball, location: 2F
0-2: SINGLE (Line Drive, 9S, EV 92.5 MPH)
Batting: RHB Lonnie Doble 0-0: Called Strike
0-1: Swinging Strike
0-2: Grounds into double play, 1-4-3 (Groundball, P, EV 66.9 MPH)
Bottom of the 2nd over - 1 run, 2 hits, 0 errors, 0 left on base; Las Vegas 0 - Ft. Worth 1
TOP OF THE 3RD
Las Vegas Flamingos batting - Pitching for Ft. Worth Cattlemen : RHP Kabeya Kasongo
Batting: RHB Sake van Arem 0-0: Ball
1-0: Called Strike
1-1: Foul Ball, location: 2F
1-2: Ground out 6-3 (Groundball, 6, EV 84.4 MPH)
Batting: RHB Esteban León 0-0: Fly out, F8 (Flyball, 89D, EV 97.5 MPH)
Batting: LHB Dirk Horwedel 0-0: Called Strike
0-1: Ground out 4-3 (Groundball, 4M, EV 81.2 MPH)
Top of the 3rd over - 0 runs, 0 hits, 0 errors, 0 left on base; Las Vegas 0 - Ft. Worth 1
BOTTOM OF THE 3RD
Ft. Worth Cattlemen batting - Pitching for Las Vegas Flamingos : LHP Isaaka Ienimea
Batting: RHB Tsuneari Hirano 0-0: Ball
1-0: DOUBLE (Flyball, 8RD, EV 102.5 MPH) - OUT at third base trying to stretch hit.
Batting: LHB Blake Browning 0-0: Ball
1-0: Ball
2-0: Ball
3-0: Base on Balls
Batting: RHB Dennis Wacher 0-0: Called Strike
0-1: Ball
1-1: Ball
2-1: Ball
3-1: Foul Ball, location: 2F
3-2: Grounds into double play, 5-4-3 (Groundball, 5, EV 109.4 MPH)
Bottom of the 3rd over - 0 runs, 1 hit, 0 errors, 0 left on base; Las Vegas 0 - Ft. Worth 1
TOP OF THE 4TH
Las Vegas Flamingos batting - Pitching for Ft. Worth Cattlemen : RHP Kabeya Kasongo
Batting: LHB Cisco Hernández 0-0: Ball
1-0: Fly out, F9 (Line Drive, 9S, EV 92.5 MPH)
Batting: LHB Chan-ho Shinn 0-0: Foul Ball, location: 2F
0-1: Ball
1-1: Foul Ball, location: 2F
1-2: Foul Ball, location: 2F
1-2: Ball
2-2: Ball
3-2: Foul Ball, location: 2F
3-2: Base on Balls
Batting: LHB Lewis N. Clark 0-0: Ball
1-0: Foul Ball, location: 2F
1-1: Foul Ball, location: 2F
1-2: Fly out, F8 (Flyball, 89D, EV 110.0 MPH)
Batting: LHB Joo-Chan Park 0-0: Foul Ball, location: 2F
0-1: Swinging Strike
0-2: Strikes out swinging
Top of the 4th over - 0 runs, 0 hits, 0 errors, 1 left on base; Las Vegas 0 - Ft. Worth 1
BOTTOM OF THE 4TH
Ft. Worth Cattlemen batting - Pitching for Las Vegas Flamingos : LHP Isaaka Ienimea
Batting: LHB Semo Hoaloha 0-0: Ball
1-0: Ball
2-0: Ball
3-0: Base on Balls
Batting: RHB Derek Bangert 0-0: Ball
1-0: Ball
2-0: Ball
3-0: Called Strike
3-1: Called Strike
3-2: Strikes out swinging
Batting: SHB Kolby Hay 0-0: Ball
1-0: Swinging Strike
1-1: Called Strike
1-2: Ball
2-2: Strikes out swinging
Batting: RHB Min-gook Ch'oe 0-0: Ball
1-0: Called Strike
1-1: Foul Ball, location: 2F
1-2: Strikes out swinging
Bottom of the 4th over - 0 runs, 0 hits, 0 errors, 1 left on base; Las Vegas 0 - Ft. Worth 1
TOP OF THE 5TH
Las Vegas Flamingos batting - Pitching for Ft. Worth Cattlemen : RHP Kabeya Kasongo
Batting: RHB Samual Kingman 0-0: Ball
1-0: Called Strike
1-1: SINGLE (Groundball, 56D, EV 103.8 MPH)
Batting: LHB Adrián Gómez 0-0: Called Strike
0-1: Ball
Samual Kingman steals 2nd base
1-1: Foul Ball, location: 2F
1-2: Ball
2-2: Ground out 6-3 (Groundball, 56, EV 88.8 MPH)
Batting: RHB Sake van Arem 0-0: Ball
1-0: Ball
2-0: Ball
3-0: Foul Ball, location: 2F
3-1: Ground out 6-3 (Groundball, 6, EV 103.8 MPH)
Batting: RHB Esteban León 0-0: Foul Ball, location: 2F
0-1: Ball
1-1: Ball
2-1: Foul Ball, location: 2F
2-2: Ball
3-2: SINGLE (Line Drive, 9S, EV 100.0 MPH)
Samual Kingman to third
Samual Kingman scores
Batting: LHB Dirk Horwedel 0-0: Called Strike
0-1: SINGLE (Groundball, 6MD, EV 109.4 MPH)
Esteban León to second
Runner from 2nd tries for 3rd, SAFE, throw by CF made to third
Pitching: RHP Vicente Durango
Batting: LHB Cisco Hernández 0-0: Ball
1-0: Ball
2-0: Called Strike
2-1: Ball
3-1: Ground out 4-3 (Groundball, 4, EV 83.1 MPH)
Top of the 5th over - 1 run, 3 hits, 0 errors, 2 left on base; Las Vegas 1 - Ft. Worth 1
BOTTOM OF THE 5TH
Ft. Worth Cattlemen batting - Pitching for Las Vegas Flamingos : LHP Isaaka Ienimea
Batting: LHB Craig Woods 0-0: Ball
1-0: Ball
2-0: Ball
3-0: Called Strike
3-1: Base on Balls
Batting: RHB Lonnie Doble 0-0: Sac Bunt to 2R - play at first, batter OUT! 2-3
Craig Woods to second
Batting: RHB Tsuneari Hirano 0-0: Called Strike
0-1: Ball
1-1: Ground out 6-3 (Groundball, 6, EV 85.0 MPH)
Craig Woods to third
Batting: LHB Blake Browning 0-0: Ball
1-0: Foul Ball, location: 2F
1-1: Swinging Strike
1-2: Strikes out looking
Bottom of the 5th over - 0 runs, 0 hits, 0 errors, 1 left on base; Las Vegas 1 - Ft. Worth 1
TOP OF THE 6TH
Las Vegas Flamingos batting - Pitching for Ft. Worth Cattlemen : RHP Vicente Durango
Batting: LHB Chan-ho Shinn 0-0: Foul Ball, location: 2F
0-1: Fly out, F9 (Flyball, 9LS, EV 92.5 MPH)
Batting: LHB Lewis N. Clark 0-0: Foul Ball, location: 2F
0-1: Foul Ball, location: 2F
0-2: SINGLE (Flyball, 89S, EV 90.6 MPH)
Batting: LHB Joo-Chan Park 0-0: Called Strike
0-1: Ball
1-1: Called Strike
1-2: Fielders Choice at 2nd, 4-6 (Groundball, 4, EV 91.9 MPH)
Batting: RHB Samual Kingman 0-0: Ball
1-0: Called Strike
1-1: Ball
2-1: Ball
3-1: Base on Balls
Joo-Chan Park to second
Pinch Runner at 2nd Owen Sharts:
Batting: LHB Adrián Gómez 0-0: Ball
1-0: Ball
2-0: Ball
3-0: Base on Balls
Owen Sharts to third
Samual Kingman to second
Batting: RHB Sake van Arem 0-0: Ball
1-0: Ball
2-0: Ball
3-0: Called Strike
3-1: Base on Balls
Owen Sharts scores
Samual Kingman to third
Adrián Gómez to second
Batting: RHB Esteban León 0-0: Ball
1-0: Ball
2-0: Ball
3-0: Called Strike
3-1: Base on Balls
Samual Kingman scores
Adrián Gómez to third
Sake van Arem to second
Batting: LHB Dirk Horwedel 0-0: Swinging Strike
0-1: Ball
1-1: Swinging Strike
1-2: Ball
2-2: Strikes out swinging
Top of the 6th over - 2 runs, 1 hit, 0 errors, 3 left on base; Las Vegas 3 - Ft. Worth 1
BOTTOM OF THE 6TH
Ft. Worth Cattlemen batting - Pitching for Las Vegas Flamingos : LHP Isaaka Ienimea
Now in RF: Owen Sharts
Batting: RHB Dennis Wacher 0-0: SINGLE (Groundball, 56D, EV 104.4 MPH)
Batting: LHB Semo Hoaloha 0-0: Called Strike
0-1: Ball
1-1: Ball
2-1: Ball
3-1: Base on Balls
Dennis Wacher to second
Batting: RHB Derek Bangert 0-0: 3-RUN HOME RUN (Flyball, 9D, EV 106.2 MPH), Distance : 384 ft
Batting: SHB Kolby Hay 0-0: Ball
1-0: Foul Ball, location: 2F
1-1: Swinging Strike
1-2: Strikes out looking
Batting: RHB Min-gook Ch'oe 0-0: Ball
1-0: Called Strike
1-1: Foul Ball, location: 2F
1-2: Strikes out looking
Batting: LHB Craig Woods 0-0: Ball
1-0: Called Strike
1-1: Ball
2-1: Fly out, F6 (Popup, 6M, EV 68.8 MPH)
Bottom of the 6th over - 3 runs, 2 hits, 0 errors, 0 left on base; Las Vegas 3 - Ft. Worth 4
TOP OF THE 7TH
Las Vegas Flamingos batting - Pitching for Ft. Worth Cattlemen : RHP Vicente Durango
Batting: LHB Cisco Hernández 0-0: Ground out 6-3 (Groundball, 6D, EV 100.0 MPH)
Batting: LHB Chan-ho Shinn 0-0: DOUBLE (Line Drive, 9LM, EV 108.8 MPH)
Batting: LHB Lewis N. Clark 0-0: Ball
1-0: Ball
2-0: Called Strike
2-1: Fly out, F6 (Popup, 4MD, EV 50.0 MPH)
Batting: LHB Owen Sharts 0-0: Swinging Strike
0-1: Ball
1-1: Ball
2-1: Foul Ball, location: 2F
2-2: Ball
3-2: Foul Ball, location: 2F
3-2: Base on Balls
Pitching: RHP Ignacio Uribe
Pinch Hitting: LHB Lao Tian 0-0: Called Strike
0-1: Reached on error, E1 (Groundball, 15, EV 70.0 MPH)
Chan-ho Shinn to third
Owen Sharts to second
Batting: LHB Adrián Gómez 0-0: Foul Ball, location: 2F
0-1: Ball
1-1: Ball
2-1: Fielders Choice at 2nd, U4 (Groundball, 4M, EV 87.5 MPH)
Top of the 7th over - 0 runs, 1 hit, 1 error, 3 left on base; Las Vegas 3 - Ft. Worth 4
BOTTOM OF THE 7TH
Ft. Worth Cattlemen batting - Pitching for Las Vegas Flamingos : LHP Isaaka Ienimea
Now at 2B: Eric Deweese
Batting: RHB Lonnie Doble 0-0: Swinging Strike
0-1: Foul Ball, location: 2F
0-2: Foul Ball, location: 2F
0-2: Ball
1-2: Ball
2-2: Strikes out swinging
Batting: RHB Tsuneari Hirano 0-0: Ball
1-0: Ball
2-0: Ball
3-0: Called Strike
3-1: DOUBLE (Groundball, 5L, EV 102.5 MPH)
Pitching: RHP Júlio Rodríguez
Batting: LHB Blake Browning 0-0: Ground out 1-3 (Groundball, 13, EV 69.4 MPH)
Tsuneari Hirano to third
Batting: RHB Dennis Wacher 0-0: Ball
1-0: Foul Ball, location: 2F
1-1: Ball
2-1: Swinging Strike
2-2: 2-RUN HOME RUN (Flyball, 7D, EV 95.0 MPH), Distance : 369 ft
Batting: LHB Semo Hoaloha 0-0: Foul Ball, location: 2F
0-1: Hit by Pitch
Batting: RHB Derek Bangert 0-0: Foul Ball, location: 2F
0-1: DOUBLE (Flyball, 78D, EV 101.9 MPH)
Semo Hoaloha to third
Runner from 3rd tries for Home, SAFE, no throw by LF
Batting: SHB Kolby Hay 0-0: Ball
1-0: Ball
2-0: Ball
3-0: Base on Balls
Batting: RHB Min-gook Ch'oe 0-0: Ball
1-0: Ground out 5-3 (Groundball, 56S, EV 84.4 MPH)
Bottom of the 7th over - 3 runs, 3 hits, 0 errors, 2 left on base; Las Vegas 3 - Ft. Worth 7
TOP OF THE 8TH
Las Vegas Flamingos batting - Pitching for Ft. Worth Cattlemen : RHP Ignacio Uribe
Batting: RHB Sake van Arem 0-0: Ball
1-0: Ground out 6-3 (Groundball, 6, EV 81.2 MPH)
Batting: RHB Esteban León 0-0: Ball
1-0: Foul Ball, location: 2F
1-1: Swinging Strike
1-2: Ball
2-2: Fly out, F8 (Flyball, 8RD, EV 100.0 MPH)
Batting: LHB Dirk Horwedel 0-0: Called Strike
0-1: Fly out, F9 (Line Drive, 9D, EV 100.0 MPH)
Top of the 8th over - 0 runs, 0 hits, 0 errors, 0 left on base; Las Vegas 3 - Ft. Worth 7
BOTTOM OF THE 8TH
Ft. Worth Cattlemen batting - Pitching for Las Vegas Flamingos : RHP Júlio Rodríguez
Batting: LHB Craig Woods 0-0: Called Strike
0-1: Foul Ball, location: 2F
0-2: Fly out, F8 (Flyball, 78XD, EV 95.0 MPH)
Batting: RHB Lonnie Doble 0-0: Ball
1-0: Ball
2-0: Ball
3-0: Called Strike
3-1: Base on Balls
Batting: RHB Tsuneari Hirano 0-0: Ball
1-0: Grounds into double play, 6-4-3 (Groundball, 6, EV 85.0 MPH)
Bottom of the 8th over - 0 runs, 0 hits, 0 errors, 0 left on base; Las Vegas 3 - Ft. Worth 7
TOP OF THE 9TH
Las Vegas Flamingos batting - Pitching for Ft. Worth Cattlemen : RHP Ignacio Uribe
Pitching: RHP Jack Buyse
Batting: LHB Cisco Hernández 0-0: Fly out, F8 (Flyball, 78XD, EV 109.4 MPH)
Batting: LHB Chan-ho Shinn 0-0: Ball
1-0: Ball
2-0: Foul Ball, location: 2F
2-1: Ball
3-1: Called Strike
3-2: Ground out 1-3 (Groundball, 34S, EV 65.6 MPH)
Batting: LHB Lewis N. Clark 0-0: Ball
1-0: Ball
2-0: Ball
3-0: Called Strike
3-1: DOUBLE (Flyball, 89XD, EV 111.9 MPH)
Batting: LHB Owen Sharts 0-0: Swinging Strike
0-1: Called Strike
0-2: Ball
1-2: Strikes out swinging
Top of the 9th over - 0 runs, 1 hit, 0 errors, 1 left on base; Las Vegas 3 - Ft. Worth 7
Tuesday, January 5th, 2021 - OOTP Baseball 20.8 Build 74